Map: New Repugnancy LE

Players

NitroToluene - Winner!

  • Race: Terran Terran
  • League: Platinum
  • Spawn Location: 7:00

pHARM

  • Race: Zerg Zerg
  • League: Platinum
  • Spawn Location: 1:00

VOD

Have the link to the VOD?

Description

Time

  • Played on: Aug. 4, 2019, 2:49 p.m.
  • Length: 12:01
Show
View Real Time Build Order
Export as new Build Order

NitroToluene Terran - Winner!

Build Orders: Gas First Reaper Expand, Hellion Banshee, Mech 

Get SALT Encoding   

  12  0:00  SCV  
  13  0:12  SCV  
  14  0:17  Supply Depot  
  14  0:25  SCV  
  15  0:29  Refinery  
  15  0:39  SCV  
  16  0:45  Barracks  
  16  0:54  SCV  
  17  1:08  SCV  
  18  1:20  SCV  
  19  1:33  Reaper, Orbital Command  
  20  1:50  Command Center  
  20  2:03  Factory  
  20  2:05  SCV  
  20  2:07  Barracks Reactor  
  21  2:15  Refinery  
  21  2:17  SCV  
  22  2:30  Supply Depot  
  22  2:31  SCV  
  23  2:52  Hellion  
  23  2:53  Hellion  
  23  2:57  Starport, Barracks Tech Lab  
  23  2:58  SCV  
  28  3:03  Orbital Command  
  28  3:14  Hellion  
  28  3:17  Hellion  
  32  3:29  SCV  
  32  3:30  Factory  
  33  3:41  SCV  
  34  3:45  Hellion x2  
  34  3:48  Banshee  
  38  3:53  Barracks Tech Lab  
  41  3:59  Supply Depot  
  41  4:01  SCV x2  
  43  4:08  Hellion  
  47  4:24  Hellion  
  47  4:29  Hellion  
  49  4:33  Banshee  
  49  4:45  Hellion  
  49  4:50  Hellion, SCV  
  52  4:55  Refinery  
  52  4:59  Supply Depot  
  52  5:00  Supply Depot  
  52  5:12  Siege Tank  
  51  5:27  Hellion  
  51  5:28  Hellion  
  49  5:39  SCV x2  
  51  5:49  Siege Tank  
  54  5:50  Hellion x2  
  54  5:53  Barracks Tech Lab  
  54  5:56  Factory  
  54  6:04  SCV  
  54  6:05  SCV  
  54  6:09  Armory  
  54  6:10  Starport Reactor  
  56  6:17  SCV  
  57  6:21  Hellion x2  
  57  6:24  Cyclone  
  64  6:26  Command Center  
  64  6:32  SCV x2  
  66  6:39  Supply Depot  
  60  7:06  Hellion x2, Factory Tech Lab  
  60  7:07  Siege Tank  
  61  7:12  SCV x2  
  60  7:17  Terran Vehicle Weapons Level 1  
  60  7:18  Factory  
  60  7:24  SCV  
  60  7:29  Engineering Bay  
  61  7:30  Viking x2, Siege Tank, Hellion x2  
  72  7:39  SCV x2  
  72  7:40  Orbital Command  
  74  7:51  Refinery  
  74  7:55  Hellion x2, Supply Depot  
  74  7:57  Infernal Pre-Igniter  
  78  8:05  Factory  
  78  8:16  Siege Tank x2  
  84  8:20  SCV  
  84  8:21  SCV  
  86  8:30  Supply Depot  
  86  8:35  Factory Reactor  
  86  8:36  SCV x3  
  86  8:40  Armory  
  89  8:46  Supply Depot  
  89  8:50  Siege Tank  
  89  8:51  Siege Tank  
  95  8:59  Supply Depot x2  
  97  9:10  Hellion x2  
  97  9:11  Thor  
  97  9:14  Hellion  
  97  9:16  SCV x2  
  109  9:25  Siege Tank  
  109  9:29  SCV x3  
  115  9:33  Terran Vehicle And Ship Armor Level 1  
  115  9:40  Refinery  
  115  9:42  Refinery  
  115  9:46  SCV x3  
  115  9:47  Hellion x2  
  115  9:48  Hellion  
  124  9:53  Supply Depot  
  124  10:12  Siege Tank x3  
  124  10:13  Hellion x2  
  133  10:15  Hellion  
  133  10:18  Supply Depot  
  135  10:22  Supply Depot  
  131  10:44  Hellion x3, Siege Tank  
  140  10:55  Siege Tank x2  
  146  11:04  Factory  
  146  11:05  Factory  
  146  11:20  Hellion x3  
  146  11:21  Hellion x2  
Show
View Real Time Build Order
Export as new Build Order

pHARM Zerg 

Build Orders: Hatch First 

Get SALT Encoding   

  12  0:01  Drone  
  13  0:14  Overlord  
  14  0:21  Drone  
  14  0:37  Drone x2  
  16  0:44  Drone  
  17  0:57  Hatchery  
  17  1:00  Drone  
  17  1:04  Drone  
  18  1:17  Spawning Pool  
  17  1:29  Drone x2  
  17  1:32  Drone  
  20  1:41  Extractor  
  19  1:50  Drone  
  19  1:53  Overlord  
  20  2:06  Queen  
  22  2:09  Zergling x2  
  22  2:10  Zergling x2, Queen  
  26  2:15  Drone  
  27  2:28  Drone x2  
  28  2:43  Drone x3  
  31  2:49  Drone  
  32  2:53  Lair  
  32  2:55  Queen  
  34  3:15  Drone x2  
  36  3:22  Evolution Chamber  
  36  3:25  Overlord  
  36  3:26  Roach Warren  
  34  3:27  Overlord x2  
  35  3:48  Evolution Chamber, Drone  
  34  3:56  Drone x9  
  34  4:01  Extractor  
  42  4:04  Extractor  
  42  4:08  Roach x3  
  47  4:13  Roach  
  47  4:26  Roach x6  
  56  4:36  Drone x4  
  55  4:50  Drone x3  
  58  5:06  Zerg Missile Weapons Level 1  
  58  5:07  Overlord  
  58  5:08  Overlord, Queen  
  60  5:17  Spore Crawler  
  60  5:20  Spore Crawler  
  54  5:31  Drone x7  
  49  5:50  Hydralisk Den  
  44  6:06  Queen  
  46  6:13  Hatchery, Roach x8  
  61  6:25  Hydralisk x3  
  61  6:26  Hydralisk x2  
  61  6:29  Grooved Spines  
  55  7:04  Roach x6  
  55  7:05  Roach x5  
  69  7:12  Roach  
  69  7:22  Hydralisk x3  
  71  7:29  Hydralisk x2  
  79  7:50  Drone  
  79  7:51  Drone x2  
  82  8:04  Nydus Network  
  82  8:05  Muscular Augments  
  81  8:09  Drone  
  81  8:10  Overlord  
  81  8:11  Overlord x6  
  82  8:49  Drone x11  
  93  9:07  Spore Crawler  
  92  9:10  Spore Crawler  
  92  9:12  Spine Crawler  
  92  9:13  Drone  
  92  9:14  Drone x8, Spine Crawler  
  98  9:32  Extractor  
  98  9:34  Overseer, Extractor  
  96  9:42  Extractor  
  95  10:11  Hydralisk x14  
  113  10:22  Infestation Pit  
  64  10:58  Roach Warren  
  64  11:02  Spire  
  49  11:16  Hydralisk x9  
  55  11:32  Hydralisk x4  
Tags
 
Add a new tag
Caveats
  • Supply blocks, unpowered buildings, or Contaminate may cause inaccurate times.
  • Supply counts are checked every 10 seconds.